 Dungeon Crawl Stone Soup version 0.14-a0-1585-g835621a (webtiles) character file.

7280 KINGBONG the Grappler (level 10, -19/85 HPs)
             Began as a Troll Hunter on Dec 22, 2013.
             Was an Elder of Okawaru.
             Demolished by a spiny frog (22 damage)
             ... on Level 4 of the Lair of Beasts.
             The game lasted 00:25:53 (4159 turns).

KINGBONG the Grappler (Troll Hunter)                Turns: 4159, Time: 00:25:54

HP -19/85        AC  7     Str 23      XL: 10   Next: 79%
MP   4/4         EV 11     Int  9      God: Okawaru [****..]
Gold 375         SH  0     Dex 10      Spells:  0 memorised,  9 levels left

rFire  . . .     SeeInvis .       - Unarmed
rCold  . . .     Clarity  .     d - +0 animal skin
rNeg   . . .     Conserve .     (shield restricted)
rPois  .         rCorr    .     (helmet restricted)
rElec  .         rRot     .     E - +1 cloak
SustAb + .       Spirit   .     (gloves unavailable)
rMut   .         Warding  .     (boots unavailable)
Gourm  +         Stasis   .     (no amulet)
                                I - +1 ring of evasion
                                C - ring of sustain abilities

@: quite poisoned, somewhat resistant to hostile enchantments, unstealthy
A: unfitting armour, claws 3, fast metabolism 3, gourmand, regeneration 2,
saprovore 2, shaggy fur 1, tough skin 2
a: Heroism, Renounce Religion


You were on level 4 of the Lair of Beasts.
You worshipped Okawaru.
Okawaru was greatly pleased with you.
You were not hungry.

You visited 3 branches of the dungeon, and saw 14 of its levels.

You collected 375 gold pieces.

Inventory:

Hand weapons
 x - a +0,+1 giant spiked club
Missiles
 b - 8 large rocks (quivered)
 c - 4 throwing nets
Armour
 d - a +0 animal skin (worn)
 E - a +1 cloak (worn)
Magical devices
 s - a wand of confusion (10)
Comestibles
 a - 4 meat rations
 r - an apple
 u - 3 bread rations
Scrolls
 f - a scroll of blinking
 g - a scroll of enchant armour
 h - a scroll of identify
 m - a scroll of magic mapping
 o - 3 scrolls of remove curse
 p - 5 scrolls of fog
 v - 2 scrolls of teleportation
 w - a scroll of amnesia
Jewellery
 e - a +0,+9 ring of slaying {unknown}
 C - a ring of sustain abilities (left claw)
 I - a +1 ring of evasion (right claw)
Potions
 i - 2 potions of flight
 j - a potion of speed {unknown}
 k - 3 potions of agility
 l - a potion of invisibility {unknown}
 n - 2 potions of heal wounds
 t - a potion of restore abilities {unknown}
 z - 6 potions of curing
 A - 3 potions of brilliance
Miscellaneous
 F - an ornate deck of defence


   Skills:
 - Level 1.6 Fighting
 + Level 10.4 Maces & Flails
 - Level 3.7 Throwing
 - Level 2.6 Dodging
 - Level 0.4 Stealth
 - Level 11.5 Unarmed Combat


You had 9 spell levels left.
You didn't know any spells.

Dungeon Overview and Level Annotations

Branches:
Dungeon (9/16)             Temple (1/1) D:4            Lair (4/8) D:8
    Orc: D:9-12       Swamp: Lair:3-6    Shoals: Lair:3-6     Snake: Lair:3-6
 Spider: Lair:3-6

Altars:
Ashenzari
Cheibriados
Elyvilon
Fedhas
Kikubaaqudgha
Makhleb
Nemelex Xobeh
Okawaru
Sif Muna
Zin
the Shining One


Innate Abilities, Weirdness & Mutations

You are too large for most types of armour.
You have claws for hands.
Your metabolism is lightning-fast.
You like to eat raw meat.
You heal very quickly.
You can eat rotten meat.
You are covered in fur (AC +1).
You have very tough skin (AC +2).


Message History

The spiny frog is severely wounded.
The spiny frog stings you!
You are poisoned.
The spiny frog poisons you!
You hit the spiny frog.
The spiny frog is severely wounded.
The spiny frog stings you!
* * * LOW HITPOINT WARNING * * *
You are more poisoned.
The spiny frog poisons you!
You closely miss the spiny frog.
You claw the spiny frog, but do no damage.
The spiny frog is severely wounded.
The spiny frog stings you!
* * * LOW HITPOINT WARNING * * *
You hit the spiny frog but do no damage.
The spiny frog is severely wounded.
* * * LOW HITPOINT WARNING * * *
You feel sick. The spiny frog stings you!
You die... ∙∙∙∙∙∙∙∙∙∙∙∙∙∙∙∙∙∙∙∙∙ ∙∙∙∙∙∙∙∙∙∙∙∙∙∙∙∙∙∙∙∙∙∙ ∙∙∙∙∙∙∙∙)∙∙∙∙∙∙∙∙∙∙∙∙∙∙ ∙∙∙∙∙∙∙∙∙(∙∙<∙∙∙∙∙∙∙∙∙∙ ∙∙∙∙∙∙∙∙∙∙∙∙∙∙∙∙∙∙∙∙∙∙ ∙∙∙∙∙∙∙∙∙∙∙∙∙∙∙∙∙∙∙∙∙∙∙ ∙∙∙∙∙∙∙∙∙∙∙∙∙∙∙∙∙∙∙∙∙∙∙ ∙∙∙∙∙∙∙∙∙∙∙∙∙∙∙%∙∙∙∙∙∙ ∙∙∙∙∙∙∙∙∙∙∙∙@F∙∙∙∙∙∙∙

∙∙∙∙∙∙▒∙P∙∙∙∙∙∙∙∙∙∙▒
∙∙∙∙∙∙∙∙∙∙∙∙∙∙∙∙▒▒
∙∙∙∙∙∙∙∙∙∙∙∙∙∙∙∙▒▒▒▒∙
∙∙∙∙∙∙∙∙∙∙∙∙∙∙∙∙∙∙∙▒∙∙
∙∙∙▒∙∙∙∙∙∙∙∙∙∙∙∙∙∙∙∙∙∙
∙∙∙▒∙∙∙∙∙∙∙∙∙∙∙∙∙∙∙∙∙
▒▒∙▒∙∙∙∙∙∙∙∙∙∙∙∙∙∙∙∙
▒[∙∙∙∙∙∙<∙∙∙∙∙∙∙∙∙∙∙∙


You could see a spiny frog (bleeding).

Vanquished Creatures
  The ghost of Bastard the Arsonist, a powerful DEFE of Vehumet (Lair:1)
  Pikel (D:5)
  A spiny frog (Lair:4)
  2 komodo dragons
  A wandering mushroom (Lair:1)
  2 hippogriffs (Lair:2)
  An elephant slug (Lair:4)
  10 wolves
  5 porcupines
  A phantom (D:6)
  The ghost of KINGBONG the Ruffian, an average TrHu of Trog (D:3)
  4 ogres
  2 giant goldfish (Lair:2)
  A centaur (D:6)
  A slave (D:5)
  4 giant frogs (Lair:2)
  A giant slug (Lair:1)
  Blork the orc (D:5)
  An agate snail (Lair:1)
  A manticore skeleton (D:6)
  2 eyes of draining
  A jellyfish (Lair:2)
  3 killer bees (D:7)
  An electric eel (Lair:2)
  A giant goldfish zombie (D:4)
  3 crimson imps
  2 jellies
  An orc priest (D:5)
  4 hounds
  4 iguanas
  3 orc wizards
  A scorpion (D:3)
  4 worker ants
  12 sheep
  A mummy (D:7)
  A hound zombie (D:6)
  3 gnolls (D:2)
  7 adders
  A giant centipede (D:8)
  A giant mite (D:4)
  9 green rats
  3 worms
  A giant eyeball (D:8)
  6 giant geckos
  17 orcs
  A bat zombie (D:4)
  2 giant cockroaches
  10 hobgoblins
  6 jackals
  5 kobolds
  4 quokkas
  3 ball pythons
  10 bats
  A giant gecko skeleton (D:4)
  6 giant newts
  6 goblins
  12 rats
  2 rat zombies (D:4)
202 creatures vanquished.

Vanquished Creatures (others)
  A plant (Lair:2)
1 creature vanquished.

Grand Total: 203 creatures vanquished

Notes
Turn   | Place    | Note
--------------------------------------------------------------
     0 | D:1      | KINGBONG, the Troll Hunter, began the quest for the Orb.
     0 | D:1      | Reached XP level 1. HP: 19/19 MP: 1/1
   151 | D:1      | Reached XP level 2. HP: 27/27 MP: 1/1
   237 | D:2      | Reached XP level 3. HP: 31/33 MP: 2/2
   290 | D:2      | Reached XP level 4. HP: 41/41 MP: 2/2
   431 | D:3      | Noticed KINGBONG's ghost (average TrHu)
   440 | D:3      | Killed KINGBONG's ghost
   440 | D:3      | Reached skill level 4 in Unarmed Combat
   440 | D:3      | Reached XP level 5. HP: 37/48 MP: 2/2
   627 | D:3      | Noticed an ogre
   635 | D:3      | Killed an ogre
   635 | D:3      | Reached skill level 5 in Unarmed Combat
   635 | D:3      | Reached XP level 6. HP: 34/55 MP: 3/3
   715 | D:5      | Entered Level 5 of the Dungeon
   728 | D:5      | Reached skill level 6 in Unarmed Combat
   789 | D:5      | Found a deep blue altar of Sif Muna.
   898 | D:5      | Reached XP level 7. HP: 62/62 MP: 3/3
  1066 | D:6      | Reached skill level 7 in Unarmed Combat
  1375 | D:7      | Reached skill level 8 in Unarmed Combat
  1393 | D:7      | Found a sparkling altar of Nemelex Xobeh.
  1494 | D:8      | Paralysed by a giant eyeball for 4 turns
  1588 | D:8      | Found a staircase to the Lair.
  1856 | D:7      | Reached XP level 8. HP: 23/70 MP: 3/3
  1951 | D:6      | Reached skill level 9 in Unarmed Combat
  2192 | D:5      | Noticed Blork the orc
  2203 | D:5      | Killed Blork the orc
  2235 | D:5      | Noticed Pikel
  2260 | D:5      | Killed Pikel
  2260 | D:5      | Reached skill level 10 in Unarmed Combat
  2319 | D:5      | Reached skill level 11 in Unarmed Combat
  2497 | D:6      | Reached XP level 9. HP: 73/78 MP: 4/4
  2642 | D:4      | Found a staircase to the Ecumenical Temple.
  2656 | Temple   | Entered the Ecumenical Temple
  2682 | Temple   | Became a worshipper of Warmaster Okawaru
  2746 | D:4      | Found an ancient bone altar of Kikubaaqudgha.
  3099 | Lair:1   | Entered Level 1 of the Lair of Beasts
  3127 | Lair:1   | Reached skill level 1 in Maces & Flails
  3154 | Lair:1   | Noticed Bastard's ghost (powerful DEFE)
  3163 | Lair:1   | Killed Bastard's ghost
  3163 | Lair:1   | Acquired Okawaru's first power
  3163 | Lair:1   | Reached skill level 5 in Maces & Flails
  3255 | Lair:1   | Reached XP level 10. HP: 16/85 MP: 3/4
  4024 | Lair:3   | Reached skill level 10 in Maces & Flails
  4158 | Lair:4   | HP: 3/85 [spiny frog (21)]
  4159 | Lair:4   | Demolished by a spiny frog

Action                   |  1- 3 |  4- 6 |  7- 9 | 10-12 || total
-------------------------+-------+-------+-------+-------++-------
Melee: Unarmed           |    66 |    90 |   291 |   164 ||   611
Throw: Large rock        |       |     8 |    15 |    16 ||    39
       Throwing net      |       |       |       |     1 ||     1
Invok: Heroism           |       |       |     1 |     2 ||     3
Evoke: Wand              |       |       |     2 |     1 ||     3
  Use: Scroll            |       |     2 |    15 |     3 ||    20
       Potion            |       |       |     5 |       ||     5
 Stab: Sleeping          |     1 |     1 |     1 |       ||     3
       Distracted        |       |       |     1 |       ||     1
       Held in net/web   |       |       |       |     1 ||     1
